 Dungeon Crawl Stone Soup version 0.30.0-17-ge0270778cf (webtiles) character file.

Game seed: 5429929502109195750

177 cheesebisquit the Grave Robber (level 5, 0/40 HPs)
             Began as a Ghoul Necromancer on May 21, 2023.
             Slain by Grinder (6 damage)
             ... on level 3 of the Dungeon.
             The game lasted 00:16:01 (3123 turns).

cheesebisquit the Grave Robber (Ghoul Necromancer)  Turns: 3123, Time: 00:16:01

Health: 0/40       AC:  4    Str: 12    XL:     5   Next: 57%
Magic:  16/16      EV: 12    Int: 15    God:
Gold:   127        SH:  0    Dex:  9    Spells: 4/8 levels left

rFire   . . .        h - +1 dagger "Lisof" {venom, rN+ Int+3}
rCold   + + .        (no shield)
rNeg    + + +        e - +2 robe {rC+}
rPois   ∞            (no helmet)
rElec   .            (no cloak)
rCorr   .            (no gloves)
SInv    .            (no boots)
Will    .....        m - amulet of regeneration
Stlth   ++           a - ring of magical power
HPRegen 0.00/turn    g - ring of flight
MPRegen 0.15/turn

%: no passive effects
@: flying, inhibited regen
A: claws 1, cold resistance 1, negative energy resistance 3, inhibited
regeneration, torment resistance 2, devour on kill
a: no special abilities


You were on level 3 of the Dungeon.
You visited 1 branch of the dungeon, and saw 3 of its levels.

You collected 127 gold pieces.

Inventory:

Hand Weapons
 d - a +2 whip of flaming
 h - the +1 dagger "Lisof" (weapon) {venom, rN+ Int+3}
   (You found it on level 2 of the Dungeon)

   Int:       It affects your intelligence (+3).
   rN:        It protects you from negative energy.
Armour
 e - a +2 robe of cold resistance (worn)
Jewellery
 a - a ring of magical power (left claw)
 g - a ring of flight (right claw)
 m - an amulet of regeneration (around neck)
Wands
 o - a wand of digging (3)
Scrolls
 c - 2 scrolls of poison {unknown}
 f - a scroll of noise {unknown}
 i - a scroll of brand weapon {unknown}
 j - a scroll of vulnerability {unknown}
 k - 3 scrolls of identify {unknown}
 n - a scroll of enchant weapon {unknown}
Potions
 b - 2 potions of flight
 l - a potion of magic
 p - a potion of degeneration {unknown}
 q - a potion of haste {unknown}


   Skills:
 + Level 1.4 Fighting
 - Level 1.7 Dodging
 - Level 2.1 Stealth
 + Level 2.4 Spellcasting
 + Level 6.0 Necromancy


You had 4 spell levels left.
You knew the following spells:

 Your Spells              Type           Power      Damage    Failure   Level
a - Necrotise             Necr           80%        1d8       1%          1
b - Vampiric Draining     Necr           20%        2d7       5%          3

Your spell library contained the following spells:

 Spells                   Type           Power      Damage    Failure   Level
 Animate Dead             Necr           20%        N/A       17%         4
 Agony                    Necr           20%        N/A       43%         5


Dungeon Overview and Level Annotations

Branches:
Dungeon (3/15)

Altars:
Yredelemnul

Annotations:
D:3 Grinder


Innate Abilities, Weirdness & Mutations

You are immune to poison.
You have sharp fingernails.
Your flesh is cold resistant. (rC+)
You are immune to negative energy. (rN+++)
You do not regenerate when monsters are visible.
You are immune to unholy pain and torment.
You thrive by killing the living.


Message History

The grasping roots grab you! The grasping roots constrict you!
You escape the roots grasp.
Grinder gestures at you.
You suddenly lose the ability to move!
You can move again.
Sorry, you're not good enough to have a special ability.
You see here 6 stones.
Grinder zaps a wand.
The roots erupt in riotous growth!
The grasping roots grab you! The grasping roots constrict you.
The roots grasp on you weakens, but your attempt to escape fails.
The grasping roots constrict you.
The grasping roots release their grip on you.
Grinder zaps a wand.
The roots erupt in riotous growth!
The grasping roots grab you! The grasping roots constrict you.
You escape the roots grasp.
Grinder zaps a wand.
The roots erupt in riotous growth!
The grasping roots grab you! The grasping roots constrict you.
* * * LOW HITPOINT WARNING * * *
The roots grasp on you weakens, but your attempt to escape fails.
The grasping roots constrict you.
* * * LOW HITPOINT WARNING * * *
You escape the roots grasp.
Grinder zaps a wand.
The roots erupt in riotous growth!
The grasping roots grab you!
The now-empty wand crumbles to dust.
The grasping roots constrict you.
* * * LOW HITPOINT WARNING * * *
You escape the roots grasp.
It was a potion of flight.
You feel more buoyant. Grinder gestures at you.
You suddenly lose the ability to move!
You can move again.
You barely miss Grinder. Grinder says, "Are you a fish?" Grinder hits you.
You die...

#...###+#####.# #.............
...§....# ##'######...(.....##'#
.......### #.................##.#
.....#.... #.................##.#
.....####.##.................##.#
.....# #.##........###+##+#.##.#
.5...####.##........#...#....##.#
.................5.^.........##.#
....######......@.....##.##...#..
... ##.........#..#.#..#)..# ###
#.........##.....##...#
#.....<......._.......#
##........##.....##..## #
##...##).#..#.#..#..## #
###..##...##.##...... #
####...'.........#... #
#....>##....).[......


You could see Grinder.

Vanquished Creatures
  An orc priest (D:2)
  An orc wizard (D:2)
  Ijyb (D:3)
  3 adders
  4 dart slugs
  6 orcs
  5 ball pythons
  4 bats
  3 endoplasms
  A giant cockroach (D:1)
  7 goblins
  7 hobgoblins
  6 kobolds
  A quokka (D:3)
  3 frilled lizards (D:2)
  4 rats
57 creatures vanquished.

Vanquished Creatures (collateral kills)
  A kobold (D:2)
  A rat (D:2)
2 creatures vanquished.

Grand Total: 59 creatures vanquished

Notes
Turn   | Place    | Note
-------+----------+-------------------------------------------
     0 | D:1      | cheesebisquit the Ghoul Necromancer began the quest for the
                  | Orb.
     0 | D:1      | Reached XP level 1. HP: 14/14 MP: 2/2
   181 | D:1      | Reached XP level 2. HP: 20/20 MP: 1/3
   484 | D:1      | Found a faded altar of an unknown god.
   781 | D:1      | Reached XP level 3. HP: 26/26 MP: 4/4
  1060 | D:2      | Reached skill level 5 in Necromancy
  1072 | D:2      | Reached XP level 4. HP: 17/33 MP: 2/5
  1259 | D:2      | Identified the +1 dagger "Lisof" {venom, rN+ Int+3}
  2056 | D:2      | Learned a level 3 spell: Vampiric Draining
  2193 | D:3      | Found a basalt altar of Yredelemnul.
  2211 | D:2      | Reached XP level 5. HP: 12/39 MP: 7/7
  2330 | D:3      | Reached skill level 1 in Fighting
  2449 | D:3      | Noticed Ijyb
  2460 | D:3      | Killed Ijyb
  2461 | D:3      | Reached skill level 6 in Necromancy
  2529 | D:3      | Noticed Grinder
  3106 | D:3      | Paralysed by Grinder for 2 turns
  3118 | D:3      | Paralysed by Grinder for 5 turns
  3123 | D:3      | Slain by Grinder

Illustrated notes

Levels and vault maps discovered:
D:1:      lightli_molten_gateway, layout_basic, shapermc_ecumenical_altar_venn
D:2:      minmay_wonky_spiral, layout_loops_ring, chequers_serial_rivers_small_3
D:3:      layout_basic, mainiacjoe_overflow_small_starburst,
          mainiacjoe_overflow_tiny_flanked, uniq_ijyb, uniq_grinder,
          uniq_natasha, uniq_crazy_yiuf_cottage

Skill      XL: |  1  2  3  4  5 |
---------------+----------------+-----
Necromancy     | 5 6 |  6.0
Spellcasting   | 2 |  2.4
Fighting       | 1 |  1.4
Dodging        | |  1.7
Stealth        | |  2.1

Action                     |  1- 3 |  4- 6 || total
---------------------------+-------+-------++-------
  Melee: Unarmed           |     8 |       ||     8
         Whip              |     4 |     3 ||     7
         Dagger            |       |     3 ||     3
   Cast: Necrotise         |    49 |    78 ||   127
    Use: Potion            |     1 |     1 ||     2
 Armour: Robe              |     3 |     5 ||     8
  Dodge: Dodged            |    11 |    14 ||    25
